Map: Dreamcatcher LE

Players

Semper - Winner!

  • Race: Terran Terran
  • Spawn Location: 11:00

GogojOey

  • Race: Zerg Zerg
  • Spawn Location: 5:00

Event: WCS Montreal 2018

VOD

Have the link to the VOD?

Description

Time

  • Played on: Sept. 7, 2018, 1:42 p.m.
  • Length: 22:02

All games in this series

Show
View Real Time Build Order
Export as new Build Order

Semper Terran - Winner!

Build Orders: Liberator Opening, Reaper Expand, Bio Tank 

Get SALT Encoding   

  12  0:00  SCV  
  13  0:12  SCV  
  14  0:17  Supply Depot  
  14  0:25  SCV  
  15  0:39  SCV  
  15  0:40  Barracks  
  16  0:43  Refinery  
  16  0:51  SCV  
  17  1:03  SCV  
  18  1:15  SCV  
  19  1:27  Orbital Command  
  19  1:28  Reaper  
  20  1:41  Command Center  
  20  1:52  Supply Depot  
  20  1:53  SCV  
  21  2:00  Marine  
  22  2:06  SCV  
  23  2:10  Factory  
  23  2:18  Refinery, SCV  
  23  2:21  Barracks Reactor  
  24  2:33  SCV  
  25  2:45  SCV  
  26  2:56  Starport  
  26  2:57  SCV  
  27  2:58  Orbital Command  
  27  3:05  Hellion x2  
  31  3:10  SCV  
  31  3:11  Barracks Tech Lab  
  32  3:18  Liberator  
  32  3:22  SCV  
  32  3:24  SCV  
  32  3:27  Hellion x2  
  38  3:31  Supply Depot  
  38  3:34  SCV  
  38  3:36  SCV  
  38  3:38  Marine  
  43  3:43  Stimpack  
  43  3:46  SCV  
  44  3:51  Hellion  
  44  3:53  Hellion  
  44  3:54  SCV  
  49  3:57  Supply Depot  
  49  3:59  SCV  
  50  4:11  SCV  
  50  4:12  SCV  
  52  4:18  Command Center  
  52  4:22  Marine  
  52  4:23  Supply Depot  
  53  4:24  SCV  
  53  4:28  Factory Tech Lab  
  54  4:33  SCV  
  54  4:36  SCV  
  56  4:40  Barracks  
  56  4:41  Starport Reactor, Barracks  
  56  4:42  Marine  
  57  4:45  SCV  
  57  4:49  SCV  
  57  4:56  Engineering Bay x2  
  57  4:58  SCV  
  61  5:00  Siege Tank, Marine  
  62  5:07  SCV  
  62  5:11  SCV  
  62  5:12  Refinery  
  62  5:13  Refinery  
  64  5:18  Marine  
  64  5:19  SCV  
  66  5:23  SCV  
  66  5:27  Terran Infantry Weapons Level 1, Terran Infantry Armor Level 1  
  67  5:29  Marine x2  
  67  5:31  SCV  
  67  5:33  Siege Tank  
  67  5:35  Orbital Command, Marine  
  73  5:36  SCV  
  73  5:38  Starport Reactor  
  73  5:42  Marine  
  75  5:43  Marine  
  75  5:44  SCV  
  75  5:45  Combat Shield  
  75  5:47  Marine  
  75  5:49  SCV  
  80  5:53  Marine  
  80  5:55  Supply Depot  
  80  5:57  Supply Depot, SCV  
  82  6:03  Orbital Command  
  82  6:04  SCV  
  82  6:09  SCV, Barracks  
  82  6:10  Barracks  
  84  6:16  SCV  
  84  6:17  Siege Tank  
  84  6:18  Medivac  
  90  6:19  Medivac  
  90  6:23  SCV  
  93  6:28  SCV  
  93  6:30  Marine  
  93  6:31  SCV  
  96  6:35  SCV  
  96  6:36  Armory  
  97  6:41  SCV  
  97  6:45  Marine x3  
  101  6:51  Supply Depot  
  101  6:53  Supply Depot  
  101  6:54  Supply Depot  
  101  6:57  Siege Tank, SCV x2  
  101  7:00  SCV  
  107  7:03  Marine x2  
  109  7:13  SCV x2, Marine x2, Medivac  
  109  7:14  Medivac  
  117  7:16  SCV  
  117  7:18  Supply Depot  
  117  7:19  Refinery, Supply Depot  
  118  7:23  Supply Depot  
  118  7:24  Supply Depot  
  118  7:25  SCV  
  118  7:29  Siege Tank  
  122  7:30  Marine  
  123  7:40  Marine  
  123  7:41  Marine  
  123  7:43  Marine  
  123  7:45  Marine  
  123  7:48  SCV  
  123  7:50  SCV, Marine x2  
  123  7:51  SCV  
  115  7:53  Marine  
  115  7:56  Supply Depot, Terran Infantry Armor Level 2, Terran Infantry Weapons Level 2  
  115  7:57  Marine  
  113  8:01  Siege Tank  
  113  8:04  SCV x2  
  118  8:05  Marine  
  118  8:07  SCV  
  118  8:09  Factory  
  120  8:13  Terran Vehicle Weapons Level 1  
  120  8:14  Supply Depot  
  120  8:15  Marine x2  
  120  8:16  SCV  
  120  8:19  Marine  
  123  8:20  Marine  
  123  8:22  Barracks Reactor x2  
  123  8:23  SCV, Marine  
  123  8:24  SCV  
  123  8:25  Refinery  
  128  8:32  Marine  
  128  8:33  Marine  
  130  8:37  Marine  
  130  8:38  Marine  
  132  8:41  SCV, Marine  
  132  8:44  Siege Tank  
  132  8:45  Medivac x2  
  132  8:47  SCV  
  142  8:50  Marine x2  
  142  8:55  Marine x2  
  144  8:56  Command Center  
  144  8:59  Marine  
  144  9:00  Marine  
  147  9:06  Marine  
  147  9:07  Marine x2  
  147  9:08  Marine  
  147  9:09  Marine  
  145  9:12  Factory Tech Lab  
  145  9:13  Marine x2  
  145  9:16  Siege Tank  
  149  9:17  Marine  
  149  9:18  Barracks, Marine  
  149  9:20  Barracks x2  
  149  9:24  Marine x3  
  150  9:26  Marine  
  150  9:27  Marine  
  150  9:31  Siege Tank, Marine x2  
  159  9:49  Siege Tank  
  159  9:50  Marine  
  159  9:51  Marine x8  
  171  9:53  Medivac x2  
  171  9:58  Supply Depot  
  174  10:08  Marine x2  
  174  10:09  Marine  
  174  10:10  Marauder  
  174  10:12  Siege Tank, Marine  
  174  10:13  Barracks Tech Lab x2, Marine x4  
  174  10:14  Barracks Tech Lab, Terran Infantry Weapons Level 3  
  187  10:21  SCV x2  
  189  10:23  Terran Infantry Armor Level 3  
  189  10:25  Marine  
  189  10:27  Sensor Tower  
  190  10:32  Siege Tank, Marine x3  
  190  10:33  Marauder x2  
  198  10:36  Marine x2  
  200  10:45  Planetary Fortress  
  200  10:52  Concussive Shells  
  200  10:56  Starport  
  200  10:59  Starport  
  191  11:09  Siege Tank  
  191  11:10  Marauder x4, Marine  
  198  11:14  Marine  
  199  11:19  Marine  
  199  11:25  Unknown x2  
  186  11:47  Starport Reactor  
  186  11:48  Supply Depot x3, Starport Tech Lab  
  186  11:49  Supply Depot  
  186  11:51  Refinery x2  
  186  11:52  Fusion Core, Liberator x2  
  176  12:03  Marine x3  
  176  12:06  Marauder x2  
  176  12:08  Marine x2  
  172  12:09  Siege Tank  
  172  12:10  Marauder x2  
  172  12:11  Supply Depot, SCV x2  
  172  12:13  SCV x2  
  172  12:14  Sensor Tower  
  188  12:18  Liberator x2  
  188  12:22  Supply Depot  
  188  12:23  Supply Depot  
  188  12:24  Supply Depot x2  
  188  12:25  Ghost Academy  
  188  12:28  Marauder  
  190  12:31  Marauder x2  
  198  12:42  Missile Turret, Command Center  
  200  12:45  Missile Turret  
  198  13:05  Ghost  
  198  13:27  Ghost  
  198  13:31  Personal Cloaking  
  199  13:37  Barracks Tech Lab  
  190  13:42  Command Center, Liberator x2, Terran Ship Weapons Level 1  
  190  13:44  Command Center  
  190  13:46  Command Center  
  190  13:57  Liberator  
  190  13:58  Ghost  
  190  13:59  Ghost  
  170  14:19  Marauder x2, Marine x4  
  170  14:20  Siege Tank x2  
  162  14:27  Liberator  
  162  14:28  Marauder x2, Liberator  
  161  14:32  Missile Turret x2  
  161  14:37  Marine  
  156  14:39  Ghost x2  
  156  14:40  Liberator  
  156  14:44  Medivac  
  156  14:45  Medivac  
  170  14:46  Marine x2  
  170  14:48  Ghost  
  170  14:49  Marauder  
  170  14:52  Siege Tank  
  179  14:53  Marine x2  
  184  15:02  Marine  
  185  15:08  Marauder  
  185  15:09  Marauder, Orbital Command  
  185  15:11  Marauder  
  191  15:18  Marauder, Planetary Fortress  
  193  15:23  Missile Turret x2  
  192  15:29  Ghost x2  
  192  15:31  SCV, Liberator, Ghost  
  192  15:32  SCV  
  192  15:34  Sensor Tower  
  200  15:41  Planetary Fortress  
  200  15:44  Refinery x2, SCV x2  
  200  15:50  Missile Turret  
  200  15:51  Missile Turret  
  200  15:53  Missile Turret  
  200  16:05  Marine  
  200  16:07  Marine  
  194  16:15  Siege Tank, Marine x2  
  190  16:19  Marauder, Marine x2  
  190  16:21  Siege Tank  
  190  16:25  Marauder, Marine  
  199  16:32  Marine x2  
  197  16:33  Marauder  
  200  16:46  Liberator  
  200  16:47  Liberator x4  
  198  16:59  Unknown  
  148  17:01  SCV  
  148  17:02  Marine x10  
  148  17:03  Marauder, Siege Tank  
  169  17:10  Marine  
  170  17:19  Marine  
  170  17:20  Marine x3  
  170  17:21  Marauder  
  176  17:29  Liberator  
  176  17:30  Liberator  
  176  17:32  Marine  
  176  17:33  Marauder  
  179  17:41  Marine  
  179  17:42  Marauder  
  179  17:43  Marine  
  179  17:44  Marauder, Marine x5  
  182  17:46  Liberator  
  182  17:47  Medivac  
  182  17:50  Marine  
  182  18:00  Liberator  
  182  18:01  SCV x2  
  182  18:03  Medivac  
  187  18:07  Marauder  
  187  18:08  Marauder  
  187  18:10  Marine  
  193  18:25  Liberator  
  175  18:29  Marauder x2  
  163  18:37  Marine  
  163  18:38  Marine x4  
  168  18:42  Medivac  
  168  18:46  SCV x3  
  176  18:49  Liberator x2  
  176  18:50  Marauder x2  
  180  19:02  Planetary Fortress  
  180  19:07  Marine  
  187  19:11  Marauder, Marine  
  190  19:19  Siege Tank, Marine  
  190  19:20  Marine x2  
  190  19:21  Marauder  
  190  19:22  Marine  
  192  19:34  Marine x2  
  192  19:35  Marauder  
  192  19:36  Marine x2  
  192  19:37  Marine  
  194  19:39  Marine  
  189  19:49  Marine  
  189  19:50  Marauder, Marine  
  185  19:58  Marine  
  186  20:00  Marine  
  186  20:02  Marine  
  186  20:04  Marauder, Marine  
  178  20:07  SCV x2  
  178  20:14  Marauder  
  176  20:15  Supply Depot  
  176  20:21  Sensor Tower  
  176  20:26  Marauder  
  178  20:34  Missile Turret  
  178  20:35  Marauder, Missile Turret  
  180  20:41  Supply Depot  
  174  20:51  Orbital Command  
  164  21:04  Marine  
  164  21:05  Marine  
  166  21:13  SCV  
  166  21:14  SCV x2  
  167  21:20  Barracks Tech Lab x2  
  167  21:21  Starport Reactor  
  167  21:22  Starport Reactor  
  164  21:26  Barracks Tech Lab, SCV  
  164  21:33  Marine  
  164  21:34  Supply Depot  
  164  21:35  Marauder, Supply Depot x2  
  164  21:36  Supply Depot  
  164  21:39  Refinery, SCV  
  161  21:40  Refinery  
  161  21:42  Refinery  
  161  21:44  Barracks Tech Lab  
Show
View Real Time Build Order
Export as new Build Order

GogojOey Zerg 

Build Orders: Hatch First 

Get SALT Encoding   

  12  0:00  Drone  
  13  0:12  Overlord  
  13  0:17  Drone  
  14  0:30  Drone x2  
  14  0:34  Drone  
  17  0:52  Hatchery  
  17  0:54  Drone  
  17  0:57  Drone  
  18  1:08  Extractor  
  17  1:12  Spawning Pool  
  17  1:15  Drone  
  17  1:18  Drone  
  18  1:28  Drone  
  19  1:38  Overlord  
  19  1:50  Drone  
  20  1:59  Queen  
  20  2:00  Zergling x2  
  23  2:03  Queen  
  23  2:04  Zergling x2  
  23  2:07  Metabolic Boost  
  26  2:11  Drone  
  27  2:15  Drone  
  27  2:22  Drone  
  29  2:34  Drone x2  
  30  2:42  Queen x2  
  34  2:46  Overlord  
  34  2:47  Drone  
  35  2:53  Overlord  
  35  3:05  Drone x3  
  38  3:09  Drone  
  39  3:17  Drone x2  
  39  3:18  Overlord, Zergling x2  
  39  3:19  Drone x2  
  44  3:21  Queen  
  46  3:33  Hatchery  
  45  3:35  Drone x2  
  47  3:42  Zergling x4  
  47  3:47  Overlord  
  47  3:48  Drone  
  50  3:52  Drone x2  
  50  3:53  Drone x3  
  55  4:00  Evolution Chamber  
  54  4:02  Overlord  
  54  4:03  Evolution Chamber  
  54  4:05  Drone x2  
  54  4:06  Drone  
  56  4:10  Overlord  
  56  4:19  Overlord  
  56  4:20  Drone  
  56  4:23  Extractor  
  56  4:24  Drone x2  
  56  4:25  Drone  
  56  4:27  Zerg Ground Armor Level 1  
  56  4:31  Zergling x2  
  59  4:35  Zergling x4  
  59  4:36  Zergling x2  
  59  4:45  Overlord  
  59  4:47  Zergling x2  
  59  4:48  Zergling x2  
  61  4:53  Queen  
  61  4:55  Drone x2  
  61  4:58  Spore Crawler  
  62  5:02  Drone x4  
  62  5:05  Drone  
  65  5:10  Drone  
  66  5:15  Drone x4  
  70  5:23  Drone x3  
  71  5:29  Queen  
  71  5:30  Drone x4  
  71  5:31  Zerg Melee Weapons Level 1  
  71  5:32  Drone  
  78  5:39  Drone  
  79  5:47  Zergling x4  
  81  5:51  Lair  
  81  5:54  Baneling Nest, Drone x3  
  81  5:55  Extractor  
  81  5:56  Extractor  
  81  6:01  Zergling x2  
  81  6:02  Zergling x12  
  88  6:06  Overlord  
  88  6:07  Drone  
  88  6:09  Hatchery  
  88  6:11  Extractor  
  87  6:12  Drone  
  87  6:15  Queen  
  87  6:17  Drone x2  
  92  6:18  Hatchery  
  92  6:25  Zergling x2  
  91  6:28  Zergling x4  
  91  6:31  Drone x6  
  99  6:36  Queen  
  101  6:40  Overlord  
  101  6:51  Overlord  
  101  6:53  Centrifical Hooks  
  101  6:57  Zerg Ground Armor Level 2, Infestation Pit  
  100  7:03  Drone  
  100  7:04  Drone x3  
  100  7:05  Zergling x18  
  113  7:14  Overlord x2  
  114  7:15  Zergling x4  
  115  7:25  Zergling x8  
  115  7:29  Zergling x6  
  121  7:30  Baneling, Zergling x6  
  121  7:31  Baneling x4  
  121  7:36  Zergling x8  
  125  7:47  Zergling x2  
  125  7:48  Zergling x14  
  128  7:52  Hive  
  128  7:54  Zergling x8  
  125  8:03  Overlord  
  125  8:04  Overlord  
  123  8:05  Queen  
  123  8:06  Overlord x3  
  123  8:11  Zergling x10  
  130  8:14  Drone x3  
  133  8:21  Zergling x6  
  133  8:22  Zergling x4  
  133  8:23  Zergling x8  
  133  8:24  Zergling x6  
  145  8:27  Zergling x10  
  145  8:28  Zergling x2  
  152  8:34  Zergling x4  
  152  8:42  Hatchery  
  152  8:47  Overlord  
  151  8:49  Baneling  
  151  8:50  Baneling x2, Zergling x2  
  151  8:51  Zergling x18  
  151  8:52  Drone  
  151  8:53  Drone x2  
  164  9:00  Zergling x6  
  164  9:01  Zergling x4  
  168  9:06  Zerg Melee Weapons Level 2  
  168  9:09  Adrenal Glands  
  158  9:10  Extractor  
  158  9:11  Zergling x14  
  158  9:12  Ultralisk Cavern  
  161  9:18  Zergling x8  
  161  9:19  Zergling x6  
  166  9:26  Overlord  
  166  9:32  Spire  
  164  9:47  Baneling x4  
  164  9:49  Zergling x16  
  164  9:50  Zergling x32  
  186  10:03  Chitinous Plating  
  183  10:11  Ultralisk x2  
  194  10:15  Drone x5  
  198  10:32  Spore Crawler  
  198  10:34  Zerg Ground Armor Level 3  
  197  10:39  Overlord x2, Drone x2  
  197  10:41  Overseer, Pneumatized Carapace  
  197  10:42  Overseer  
  195  10:49  Zerg Flyer Weapons Level 1  
  195  10:54  Spine Crawler x2  
  191  10:57  Spine Crawler  
  151  11:16  Drone x2  
  151  11:17  Zergling x2, Ultralisk x4  
  151  11:18  Zergling x2  
  162  11:27  Drone x6  
  162  11:28  Drone x4  
  156  11:38  Zergling x2, Ultralisk x5  
  156  11:39  Zergling x6  
  164  11:41  Drone x2  
  164  11:43  Drone  
  164  11:46  Corruptor  
  166  11:56  Drone x3  
  166  11:57  Drone x3  
  166  11:59  Corruptor  
  161  12:06  Drone x2  
  153  12:13  Corruptor  
  156  12:15  Drone x3  
  158  12:27  Drone x2  
  158  12:28  Drone  
  160  12:34  Corruptor  
  160  12:35  Drone  
  160  12:36  Drone  
  161  12:37  Hatchery  
  161  12:42  Drone  
  161  12:51  Corruptor x3, Zergling x4  
  161  12:52  Zergling x4  
  171  13:00  Drone, Zerg Melee Weapons Level 3  
  171  13:01  Drone x2  
  171  13:03  Extractor  
  171  13:04  Zergling x4  
  171  13:05  Zergling x2  
  177  13:14  Hatchery, Zergling x10  
  181  13:20  Zergling x8  
  181  13:21  Drone  
  181  13:22  Drone  
  187  13:28  Corruptor x3  
  187  13:32  Drone  
  187  13:33  Drone x3  
  193  13:39  Zergling x8  
  197  13:49  Baneling x2  
  197  13:51  Overlord  
  197  13:53  Zerg Flyer Weapons Level 2  
  197  13:58  Overlord  
  197  14:09  Zergling x8  
  199  14:14  Zergling x2  
  199  14:15  Zergling x16  
  174  14:18  Queen  
  174  14:20  Queen  
  174  14:24  Corruptor x2, Zergling x12  
  162  14:25  Zergling x6  
  162  14:30  Zergling x4  
  169  14:33  Zergling x6  
  161  14:38  Drone x3  
  161  14:40  Queen  
  161  14:42  Spine Crawler  
  161  14:44  Spine Crawler x2  
  164  14:45  Zergling x6  
  164  14:46  Zergling x2  
  164  14:47  Baneling  
  164  14:48  Baneling x7  
  166  15:00  Corruptor x2, Zergling x2, Ultralisk  
  166  15:01  Zergling x4  
  166  15:05  Drone x3  
  166  15:06  Drone x2  
  184  15:17  Baneling x2  
  184  15:18  Baneling x4  
  184  15:25  Hatchery  
  184  15:27  Zergling x6, Ultralisk  
  184  15:28  Zergling x6  
  196  15:37  Spore Crawler  
  191  15:49  Zergling x2  
  191  15:50  Zergling x22  
  192  16:04  Queen  
  184  16:13  Zergling x28  
  184  16:14  Zergling x2  
  184  16:17  Baneling  
  184  16:18  Baneling x7, Overseer  
  191  16:21  Zergling x12  
  191  16:23  Drone  
  197  16:30  Extractor, Zergling x10  
  179  16:34  Ultralisk x2  
  179  16:35  Zergling x6  
  179  16:37  Baneling x6  
  192  16:41  Drone  
  192  16:45  Zergling x12  
  199  16:47  Baneling x3  
  199  16:52  Zergling x2  
  199  16:53  Overseer  
  197  16:56  Overseer  
  165  17:07  Zergling x14, Ultralisk x2  
  175  17:16  Spore Crawler  
  175  17:17  Zergling x10  
  175  17:18  Zergling x4  
  178  17:34  Drone  
  178  17:35  Drone  
  178  17:41  Zergling x2, Ultralisk  
  178  17:42  Zergling x14  
  191  17:49  Drone  
  191  17:50  Drone  
  178  17:55  Zergling x2, Ultralisk  
  178  17:56  Zergling x10  
  186  17:58  Baneling  
  186  17:59  Baneling x2  
  186  18:02  Zergling x2  
  186  18:03  Zergling x16  
  195  18:05  Drone  
  192  18:15  Baneling x2  
  192  18:19  Hatchery  
  188  18:21  Zergling x2  
  188  18:22  Zergling x18  
  181  18:28  Zergling x10  
  147  18:34  Zergling x10  
  147  18:35  Zergling x4  
  147  18:40  Zergling x2  
  147  18:41  Zergling x10  
  150  18:44  Baneling x6  
  150  18:45  Baneling  
  150  18:50  Zergling x12  
  150  18:54  Drone x2  
  158  19:05  Corruptor  
  158  19:06  Corruptor x2  
  164  19:10  Zergling x12  
  164  19:11  Zergling x4  
  164  19:13  Zergling x6  
  171  19:26  Zergling x20  
  166  19:35  Zergling x4  
  166  19:36  Zergling x6  
  166  19:41  Zergling x6  
  166  19:42  Zergling x4  
  154  19:51  Zergling x10  
  147  20:08  Baneling x4  
  142  20:16  Hatchery  
  135  20:22  Corruptor, Zergling x6  
  140  20:38  Baneling x4  
  140  20:41  Zergling x6  
  140  20:42  Zergling x8  
  147  20:48  Zergling x2  
  147  20:49  Zergling x4  
  114  21:07  Zergling x8, Ultralisk  
  124  21:15  Zergling x16  
  124  21:17  Baneling  
  124  21:18  Baneling x2  
  120  21:28  Baneling x9  
  120  21:30  Zergling x2  
  120  21:31  Zergling x2  
  115  21:48  Hatchery  
Tags
 
Add a new tag
Caveats
  • Supply blocks, unpowered buildings, or Contaminate may cause inaccurate times.
  • Supply counts are checked every 10 seconds.